 Dungeon Crawl Stone Soup version 0.31.0-11-ge490571c62 (webtiles) character file.

Game seed: 10415309803882701508

1743498 iamserjio the Metallomancer (level 27, 182/182 HPs)
             Began as a Gargoyle Earth Elementalist on Jan 28, 2024.
             Was the Champion of Vehumet.
             Escaped with the Orb
             ... and 3 runes on Jan 29, 2024!
             The game lasted 07:01:41 (76249 turns).

iamserjio the Metallomancer (GrEE)                 Turns: 76249, Time: 07:01:42

Health: 182/182    AC: 42    Str: 12    XL:     27
Magic:  58/58      EV: 13    Int: 34    God:    Vehumet [******]
Gold:   1107       SH: 15    Dex: 12    Spells: 1/70 levels left

rFire   + . .        A - staff "Daji" {rPois Stlth+ Fire Earth}
rCold   + + .        n - +4 kite shield of Leapfrog {rF+ rC++ Str-4}
rNeg    + . .        V - +5 troll leather armour of Kirug {Will+ Regen+ Int+2}
rPois   ∞            m - +2 hat {SInv}
rElec   +            r - +4 dragonskin cloak
rCorr   .            p - +2 pair of gloves
SInv    +            t - +2 pair of boots
Will    +++..        Q - amulet of magic regeneration
Stlth   ++           T - ring of magical power
HPRegen 1.30/turn    C - +6 ring of intelligence
MPRegen 0.76/turn

%: no passive effects
@: flying
A: sickness immunity, AC +20, big wings, negative energy resistance 1,
electricity resistance, torment resistance 1, petrification resistance, thin
skeletal structure 1, mutation resistance 1
0: Orb of Zot
}: 3/15 runes: iron, magical, fiery
a: Renounce Religion


You escaped.
You worshipped Vehumet.
Vehumet was exalted by your worship.
You visited 6 branches of the dungeon, and saw 33 of its levels.
You visited Pandemonium 1 time, and saw 13 of its levels.
You visited the Abyss 13 times.
You visited 1 ziggurat, and saw 16 of its levels.
You also visited: Ice Cave.

You collected 4588 gold pieces.
You spent 3481 gold pieces at shops.

Inventory:

Hand Weapons
 h - a +2 antimagic flail
 l - a +2 sacred scourge of holy wrath
 s - the +7 short sword "Gargoyle's Doom" {protect, rF+ rCorr Str-5 Int+2 Dex+6}
   (You found it on level 5 of the Dungeon)

   Str-5:     It affects your strength (-5).
   Int+2:     It affects your intelligence (+2).
   Dex+6:     It affects your dexterity (+6).
   rF+:       It protects you from fire.
   rCorr:     It protects you from acid and corrosion.
 F - a +2 vampiric demon whip
 O - a +7 rapier of distortion
Missiles
 v - a throwing net {!f}
Armour
 m - a +2 hat of see invisible (worn)
 n - the +4 kite shield of Leapfrog (worn) {rF+ rC++ Str-4}
   (You found it on level 7 of a ziggurat)

   Str-4:     It affects your strength (-4).
   rF+:       It protects you from fire.
   rC++:      It greatly protects you from cold.
 p - a +2 pair of gloves (worn)
 r - the +4 dragonskin cloak (worn)
   (You took it off Tiamat on level 1 of the Realm of Zot)

   Avatar's Aegis: It grants the wearer a chance to resist fire, cold, poison,
   electricity, acid, and negative energy.
 t - a +2 pair of boots (worn)
 P - the +1 cloak "Xucuefaru" {rF+}
   (You found it in Pandemonium)

   rF+:       It protects you from fire.
 S - a +2 cloak of willpower
 V - the +5 troll leather armour of Kirug (worn) {Will+ Regen+ Int+2}
   (You found it on level 16 of a ziggurat)

   Int+2:     It affects your intelligence (+2).
   Will+:     It increases your willpower.
   Regen+:    It increases your rate of health regeneration.
Magical Staves
 A - the staff "Daji" (weapon) {rPois Stlth+ Fire Earth}
   (You found it in Pandemonium)

   [staff of earth]

   Base accuracy: +5 Base damage: 5 Base attack delay: 1.2 This weapon's minimum
   attack delay (0.6) is reached at skill level 12.
   rPois:     It protects you from poison Stlth+: It makes you more stealthy.
   Fire:      It increases the power of your Fire spells.
   Earth:     It increases the power of your Earth spells.
   It falls into the 'Staves' category.
   It is a one-handed weapon.
Jewellery
 u - the ring "Loufiw" {Ice +Blink MP-9 Str+3 Stlth+}
   (You took it off Josephina on level 4 of the Depths)

   [ring of ice]

   Ice:       It enhances your ice magic.
   Str+3:     It affects your strength (+3).
   rF-:       It makes you vulnerable to fire.
   rC+:       It protects you from cold.
   MP-9:      It affects your magic capacity (-9).
   +Blink:    It lets you blink.
   Stlth+:    It makes you more stealthy.
 C - a +6 ring of intelligence (right hand)
 D - a +4 ring of slaying
 J - the ring of the Rose {rF+ rC+}
   (You found it on level 11 of a ziggurat)

   [ring of protection from cold]

   rF+:       It protects you from fire.
   rC+:       It protects you from cold.
 M - the ring "Fec Jozo" {rF+ Int+2 SInv}
   (You found it in Pandemonium)

   [ring of see invisible]

   Int+2:     It affects your intelligence (+2).
   rF+:       It protects you from fire.
   SInv:      It lets you see invisible.
 N - the ring "Ziygypar" {rPois rF+ rCorr Stlth+}
   (You took it off a balrug in Pandemonium)

   [ring of poison resistance]

   rF+:       It protects you from fire.
   rPois:     It protects you from poison rCorr: It protects you from acid and
   corrosion.
   Stlth+:    It makes you more stealthy.
 Q - an amulet of magic regeneration (around neck)
 R - the ring of Bomuhoad {Wiz Fly rF+ Dex+3}
   (You found it on level 8 of a ziggurat)

   [ring of wizardry]

   Wiz:       It improves your spell success rate.
   Dex+3:     It affects your dexterity (+3).
   rF+:       It protects you from fire.
   Fly:       It grants you flight.
 T - a ring of magical power (left hand)
 Z - the ring "Wammuig" {rN+ Will+ Str+3 Dex+3}
   (You found it on level 6 of a ziggurat)

   [ring of positive energy]

   Str+3:     It affects your strength (+3).
   Dex+3:     It affects your dexterity (+3).
   rN+:       It protects you from negative energy.
   Will+:     It increases your willpower.
Wands
 a - a wand of digging (2) {@v3}
 d - a wand of mindburst (18)
 f - a wand of roots (26)
 o - a wand of paralysis (39)
 L - a wand of light (31)
Scrolls
 e - 4 scrolls of butterflies
 i - 4 scrolls of amnesia
 j - 5 scrolls of fear
 k - 4 scrolls of teleportation {@r3}
 x - a scroll of vulnerability
 y - 3 scrolls of silence
 z - 2 scrolls of fog
 W - 5 scrolls of blinking {@r4}
Potions
 b - 2 potions of magic
 c - a potion of ambrosia
 q - a potion of heal wounds {@q2}
 w - a potion of brilliance
 B - 13 potions of curing {@q1}
 E - 2 potions of invisibility
 G - 3 potions of resistance {@q5}
 H - 5 potions of mutation
 K - 3 potions of cancellation
 X - 2 potions of berserk rage
 Y - 3 potions of lignification
Miscellaneous
 g - a lightning rod (4/4)
 I - the horn of Geryon
 U - a phial of floods


   Skills:
 - Level 21.0 Fighting
 - Level 12.5(13.8) Maces & Flails
 - Level 9.4(12.2) Staves
 - Level 4.0 Armour
 - Level 9.0 Dodging
 - Level 9.8 Stealth
 - Level 11.0 Shields
 - Level 22.0 Spellcasting
 - Level 20.8 Conjurations
 - Level 19.0 Summonings
 - Level 9.0 Translocations
 - Level 3.2 Fire Magic
 - Level 6.0 Ice Magic
 - Level 24.0 Earth Magic
 - Level 2.0 Alchemy
 + Level 19.4 Evocations


You had one spell level left.
You knew the following spells:

 Your Spells              Type           Power      Damage    Failure   Level
a - Summon Horrible Thin  Summ           52%        N/A       6%          8
b - Bombard               Conj/Erth      68%        9d11      1%          6
c - Passwall              Erth           100%       N/A       0%          3
d - Passage of Golubria   Tloc           78%        N/A       1%          4
e - Spellforged Servitor  Conj/Summ      53%        N/A       1%          7
f - Blink                 Tloc           100%       N/A       1%          2
g - Malign Gateway        Summ/Tloc      46%        N/A       6%          7
h - Lehudib's Crystal Sp  Conj/Erth      68%        10d16     1%          8
i - Orb of Destruction    Conj           54%        9d14      1%          7
j - Shatter               Erth           70%        3d51*     3%          9
k - Summon Forest         Summ/Tloc      46%        N/A       1%          5
m - Ozocubu's Armour      Ice            67%        N/A       1%          3

Your spell library contained the following spells:

 Spells                   Type           Power      Damage    Failure   Level
 Polar Vortex             Ice            33%        12d4*     100%        9
 Foxfire                  Conj/Fire      100%       2x1d9     0%          1
 Magic Dart               Conj           100%       1d8       0%          1
 Sandblast                Erth           100%       2d20      0%          1
 Summon Small Mammal      Summ           100%       N/A       0%          1
 Freeze                   Ice            100%       1d10      1%          1
 Kiss of Death            Conj/Necr      100%       2d13      1%          1
 Shock                    Conj/Air       100%       1d9       1%          1
 Call Imp                 Summ           100%       N/A       0%          2
 Searing Ray              Conj           100%       2d8       0%          2
 Call Canine Familiar     Summ           100%       N/A       0%          3
 Stone Arrow              Conj/Erth      100%       3d13      0%          3
 Animate Armour           Summ/Erth      100%       N/A       0%          4
 Brom's Barrelling Bould  Conj/Erth      100%       2d11      0%          4
 Iskenderun's Battlesphe  Conj           100%       2d15      0%          5
 Lee's Rapid Deconstruct  Erth           70%        3d32*     0%          5
 Lesser Beckoning         Tloc           100%       N/A       1%          2
 Mercury Vapours          Alch/Air       88%        N/A       1%          2
 Scorch                   Fire           100%       2d9       1%          2
 Static Discharge         Conj/Air       100%       3-8/arc   1%          2
 Dazzling Flash           Conj/Hex       100%       N/A       1%          3
 Frozen Ramparts          Ice            100%       1d16      1%          3
 Gell's Gravitas          Tloc           78%        N/A       1%          3
 Hailstorm                Conj/Ice       91%        3d15      1%          3
 Mephitic Cloud           Conj/Alch/Air  73%        N/A       1%          3
 Summon Ice Beast         Ice/Summ       89%        N/A       1%          3
 Teleport Other           Tloc           78%        N/A       1%          3
 Volatile Blastmotes      Fire/Tloc      100%       2d18      1%          3
 Flame Wave               Conj/Fire      100%       2d21      1%          4
 Fulminant Prism          Conj/Alch      43%        3d19      1%          4
 Iskenderun's Mystic Bla  Conj/Tloc      95%        2d18      1%          4
 Leda's Liquefaction      Alch/Erth      56%        N/A       1%          4
 Manifold Assault         Tloc           78%        N/A       1%          4
 Martyr's Knell           Necr/Summ      80%        N/A       1%          4
 Petrify                  Alch/Erth      100%       N/A       1%          4
 Summon Blazeheart Golem  Fire/Summ      100%       N/A       1%          4
 Summon Lightning Spire   Summ/Air       80%        N/A       1%          4
 Fireball                 Conj/Fire      54%        3d21      1%          5
 Freezing Cloud           Conj/Ice/Air   39%        6-21      1%          5
 Conjure Ball Lightning   Conj/Air       41%        3x3d13    1%          6
 Starburst                Conj/Fire      54%        6d15      1%          6
 Summon Hydra             Summ           52%        N/A       1%          7
 Ignite Poison            Fire/Alch      70%        N/A       2%          4
 Jinxbite                 Hex            74%        N/A       3%          2
 Dimensional Bullseye     Hex/Tloc       30%        N/A       3%          4
 Olgreb's Toxic Radiance  Alch           50%        N/A       3%          4
 Confusing Touch          Hex            37%        N/A       7%          3
 Fugue of the Fallen      Necr           37%        N/A       7%          3
 Swiftness                Air            37%        N/A       7%          3
 Tukima's Dance           Hex            37%        N/A       7%          3
 Airstrike                Air            18%        2d(3-19)  7%          4
 Dispersal                Tloc           39%        N/A       9%          6
 Yara's Violent Unravell  Hex/Alch       22%        3d10      12%         5
 Metabolic Englaciation   Hex/Ice        27%        N/A       19%         5
 Anguish                  Hex/Necr       18%        N/A       24%         4
 Cause Fear               Hex            18%        N/A       24%         4
 Dispel Undead            Necr           37%        3d15      24%         4
 Alistair's Intoxication  Alch           33%        N/A       28%         5
 Eringya's Noxious Bog    Alch           25%        4d6       36%         6
 Plasma Beam              Fire/Air       32%        2x1d45    41%         6
 Curse of Agony           Necr           37%        N/A       54%         5
 Silence                  Hex/Air        18%        N/A       54%         5
 Sculpt Simulacrum        Ice/Alch       29%        N/A       56%         6
 Death Channel            Necr           18%        N/A       98%         6
 Fire Storm               Conj/Fire      54%        8d14      98%         9
 Chain Lightning          Conj/Air       41%        3d55      99%         9
 Enfeeble                 Hex            18%        N/A       100%        7
 Ignition                 Fire           36%        3d11      100%        8
 Maxwell's Capacitive Co  Air            18%        ∞         100%        8
 Cigotuvi's Dreadful Rot  Necr/Alch/Air  Unusable   N/A       N/A         2
 Sublimation of Blood     Necr           Unusable   N/A       N/A         2

Dungeon Overview and Level Annotations

Branches:
Dungeon (15/15)            Temple (1/1) D:6            Lair (0/5) D:11
    Orc (0/2) D:11         Vaults (0/5) D:14         Depths (4/4) D:15
   Hell (visited)             Dis (7/7) Hell            Geh (0/7) Hell
    Coc (0/7) Hell            Tar (0/7) Hell            Zot (5/5) Depths:4
  IceCv (visited)

Altars:
Ashenzari
Cheibriados
Dithmenos
Elyvilon
Fedhas
Gozag
Hepliaklqana
Kikubaaqudgha
Makhleb
Nemelex Xobeh
Okawaru
Qazlal
Ru
Sif Muna
Trog
Uskayaw
Vehumet
Wu Jian
Xom
Yredelemnul
Zin
The Shining One

Shops:
D:6 *!:   D:7 *   D:10 [   D:14 [   D:15 *

Portals:
Hell: Depths:1 Depths:2 Depths:3 Depths:4
Abyss: D:8 Depths:3
Pandemonium: Depths:1 Depths:2

Annotations:
D:14 2 transporters
Depths:2 2 transporters
Dis:7 Dispater, Serpent of
Hell
Zot:1 exclusions: orb of fire and 2 more exclusions
Zot:2 exclusion: orb of fire


Innate Abilities, Weirdness & Mutations

You are immune to sickness and miasma.
Your stone body is resilient. (AC +20)
You are immune to poison.
Your large and strong wings let you fly.
You resist negative energy. (rN+)
You are resistant to electric shocks. (rElec)
You are resistant to unholy torment.
You are immune to petrification.
You have a somewhat thin skeletal structure. (Dex +2, Stealth+)
You are somewhat resistant to further mutation.


Message History

Magic restored.
You fly upwards.
There is a stone staircase leading down here.
What level of the Dungeon? (default 1, ? - help)
There is a stone staircase leading up here.
You fly upwards.
There is a stone staircase leading down here.
Things that are here:
a +0 giant club; a +0 giant club
There is a stone staircase leading up here.
You fly upwards.
There is a stone staircase leading down here.
There is a stone staircase leading up here.
You fly upwards.
There is a stone staircase leading down here.
There is a stone staircase leading up here.
You fly upwards.
There is a stone staircase leading down here.
There is a stone staircase leading up here.
You fly upwards.
There is a stone staircase leading down here.
There is a stone staircase leading up here.
You fly upwards.
There is a stone staircase leading down here.
There is a stone staircase leading up here.
You fly upwards.
There is a stone staircase leading down here.
Things that are here:
a +0 scale mail; a +0 flail An orc wizard is nearby!
There is a stone staircase leading up here.
Things that are here:
a +0 ring mail; a +0 mace of protection You fly upwards.
There is a stone staircase leading down here.
There is a stone staircase leading up here.
You fly upwards.
There is a stone staircase leading down here.
There is a staircase leading out of the dungeon here.
You have escaped!

.....##
##....P.P..#.##.........
###8## #...P#~#P..........####
### #...##~##..###.........
#.# ##..~~~~~..###.....####
#.## #..##~##.......(..# #..#
#..P#~#P..........#
##.######...P.P...##......#
#.....>..........#.......#
#####'.######...@...#..#.....#
#≈...#..............#.##.....#
#≈...######.#..P.P....########
#≈...# #...P#~#P..## #≈...#
###.##~##..# #≈≈≈≈#
##.~~~~~..# '##### #..##~##..#
....########..P#~#P[.######
...)...........P.P........#


There were no monsters in sight!

Vanquished Creatures
  Lom Lobon (Pan)
  Tiamat (Zot:1)
  6 dread liches
  5 pandemonium lords
  8 ancient liches
  3 orbs of fire
  4 juggernauts
  2 royal mummies (Zig:4)
  Josephina (Depths:4)
  2 shard shrikes (Zig:10)
  4 Killer Klowns (Zot:5)
  A curse toe (Zot:4)
  23 caustic shrikes
  9 golden dragons
  A profane servitor (Pan)
  Geryon (Hell)
  8 Brimstone Fiends
  3 Tzitzimimeh
  A bone dragon (Abyss:1)
  6 electric golems
  9 iron giants
  14 Hell Sentinels
  17 tentacled monstrosities
  15 Orb Guardians (Zot:5)
  15 liches
  3 quicksilver dragons
  5 Ice Fiends
  10 Executioners
  5 titans
  2 sphinxes
  A death cob (Zot:3)
  31 ancient champions
  Gastronok (D:10)
  14 tentacled starspawn
  A revenant (Abyss:1)
  2 tengu reavers
  4 shadow dragons
  11 storm dragons
  7 nagarajas
  9 fire giants
  5 draconian monks
  5 demonspawn warmongers
  A fenstrider witch (Zig:15)
  6 draconian knights
  5 protean progenitors
  A daeva (Abyss:1)
  11 quicksilver elementals
  9 frost giants
  6 iron dragons
  5 draconian shifters
  3 narguns (Zig:10)
  A draconian scorcher (Zot:5)
  2 ghost moths
  4 cacodemons
  23 balrugs
  3 draconian annihilators
  3 angels (Zot:2)
  A juggernaut skeleton (Pan)
  2 spriggan defenders
  13 very ugly things
  5 draconian stormcallers
  8 reapers
  4 demonspawn corrupters
  9 demonspawn blood saints
  14 stone giants
  The ghost of Xuepse the Severer, a journeyman MiBe of Trog (D:14)
  3 eleionomae (Zig:15)
  7 green draconians
  2 black draconians
  5 vampire knights
  31 war gargoyles
  5 white draconians
  A deep elf demonologist (Zig:11)
  A bunyip (Zig:15)
  4 lorocyprocas
  9 spark wasps
  A dire elephant (D:15)
  6 red draconians
  3 demonspawn black suns
  A deep elf annihilator (Pan)
  2 wendigos (Zig:10)
  7 yellow draconians
  5 purple draconians
  10 ettins
  A merfolk javelineer (Depths:2)
  10 green deaths
  12 blizzard demons
  8 fire dragons
  19 iron golems
  2 jiangshi (Depths:4)
  2 yaktaur captains (Zig:11)
  2 mummy priests (Zig:7)
  4 vault guards
  9 rakshasas
  5 hydras
  A ghost crab (Zig:15)
  9 ice dragons
  A sphinx zombie (Zig:7)
  4 salamander tyrants (Zig:12)
  3 great orbs of eyes (Abyss:1)
  5 hell beasts
  4 merfolk aquamancers (Pan)
  5 centaur warriors
  4 jorogumos
  A radroach (Zot:3)
  An alligator (Zig:15)
  7 boulder beetles
  7 spriggan air magi
  7 two-headed ogres
  A spriggan skeleton (Depths:2)
  A death knight (D:15)
  9 dancing weapons
  8 deep troll earth magi
  3 naga warriors
  5 tengu warriors
  A vampire mage (Depths:4)
  9 hell hogs
  6 deep troll shamans
  4 holy swine (Pan)
  7 thrashing horrors
  An orc high priest (Zig:6)
  2 naga sharpshooters (Zig:12)
  A titan zombie (Depths:2)
  3 shock serpents (Zig:16)
  61 sun demons
  4 spriggan berserkers (Depths:3)
  8 crystal echidnas
  5 demonic crawlers
  An occultist (D:15)
  A shadow wraith (Abyss:1)
  3 hell knights
  3 iron trolls
  20 soul eaters
  11 sixfirhies
  A skyshark (shapeshifter) (Abyss:1)
  17 wretched stars
  8 deep trolls
  2 deep trolls (shapeshifter)
  3 death drakes
  2 anaconda zombies
  15 sun moths (Pan)
  A mana viper (Zig:12)
  2 glowing orange brains
  A shadow dragon zombie (Abyss:2)
  A skeletal warrior (Hell)
  3 swamp dragons
  31 large abominations
  4 shadow demons
  2 naga ritualists (Zig:12)
  2 phantasmal warriors
  2 obsidian statues (Zig:2)
  An anaconda skeleton (Abyss:1)
  A bog body (IceCv)
  2 orc knights (Zig:6)
  4 deep elf pyromancers
  A bunyip skeleton (Abyss:1)
  2 necromancers
  The ghost of Skimidon the Ducker, a novice FeCA of Ignis (D:8)
  A sphinx simulacrum (Depths:4)
  A fire giant zombie (Zig:2)
  A wolf spider (D:15)
  11 cyclopes
  4 manticores
  3 orc sorcerers
  A moth of wrath (shapeshifter) (Zig:11)
  10 worldbinders (Abyss:1)
  3 salamanders
  29 ugly things
  Maurice (D:7)
  3 will-o-the-wisps (Zig:15)
  28 moths of wrath
  A meliai (D:14)
  3 black mambas (Zig:12)
  6 apocalypse crabs
  4 rust devils
  A fire giant skeleton (Zig:7)
  3 guardian serpents
  A vault sentinel (Zig:11)
  2 centaur zombies
  5 ice statues
  31 smoke demons
  2 molten gargoyles (Hell)
  2 naga magi (Zig:12)
  12 orange demons
  9 hellions
  3 unseen horrors
  A naga skeleton (Abyss:1)
  A centaur skeleton (Abyss:1)
  2 rime drakes (Zig:9)
  13 nameless horrors
  4 tengu conjurers
  3 kobold demonologists (Abyss:1)
  A yaktaur (shapeshifter) (D:14)
  8 ice devils
  16 efreet
  An anaconda simulacrum (IceCv)
  6 freezing wraiths
  6 tormentors
  8 guardian mummies
  2 hydra zombies (Hell)
  A polar bear (shapeshifter) (D:8)
  11 trolls
  5 red devils (Pan)
  12 ancient zymes (Abyss:1)
  2 tyrant leeches (Zig:15)
  A bloated husk (Zig:15)
  Grinder (D:4)
  2 hornets
  18 hellwings
  6 wind drakes
  18 raiju
  2 glass eyes
  A blink frog (Abyss:2)
  10 slime creatures
  An ettin skeleton (Depths:1)
  A shadow (D:12)
  2 vampires
  2 air elementals
  22 ynoxinuls
  6 dire elephant simulacra (IceCv)
  12 yaks
  A spriggan (Depths:3)
  2 wraiths
  A warg (Zig:6)
  An ushabti (Zig:4)
  9 water elementals
  6 neqoxecs
  A golden eye (shapeshifter) (Zig:1)
  5 redbacks (D:12)
  Menkaure (D:7)
  4 steam dragons
  3 golden eyes (Abyss:1)
  4 chaos spawn (Abyss:1)
  5 nagas
  2 acid dragons
  24 small abominations
  A water moccasin (D:5)
  A water moccasin (shapeshifter) (D:12)
  6 hell hounds
  3 hydra simulacra (IceCv)
  2 swamp drakes (Zig:9)
  3 ice beasts
  9 orc warriors
  A sky beast (D:7)
  A black bear (D:7)
  15 laughing skulls
  9 centaurs
  10 ogres
  2 wolves (D:11)
  A tengu (shapeshifter) (D:13)
  A phantom (D:5)
  A weeping skull (Abyss:1)
  5 kobold brigands
  3 brain worms
  2 gnoll sergeants
  A glowing shapeshifter simulacrum (Depths:4)
  2 bullfrogs
  A cane toad simulacrum (IceCv)
  A two-headed ogre simulacrum (Abyss:1)
  10 wights (D:7)
  An electric eel (D:15)
  14 howler monkeys
  A crimson imp (Abyss:1)
  2 bombardier beetles
  3 jellies
  5 quasits (Abyss:1)
  3 iron imps (Abyss:1)
  6 hounds
  A gnoll bouda (D:8)
  11 orc priests
  41 starcursed masses
  Crazy Yiuf (D:7)
  4 iguanas
  3 sleepcaps
  A troll simulacrum (IceCv)
  22 orc wizards
  A wolf simulacrum (IceCv)
  13 mummies
  4 adders
  12 gnolls
  2 naga simulacra (IceCv)
  3 shadow imps
  14 white imps
  8 ufetubi
  2 dart slugs
  3 ribbon worms
  75 orcs
  8 endoplasms
  2 giant cockroaches
  6 goblins
  7 hobgoblins
  2 jackals (D:3)
  A quokka (D:4)
  15 ball pythons
  2 bats
  4 frilled lizards
  20 kobolds
  7 rats
  6 aspiring fleshes
  A butterfly (Zot:2)
  2 lurking horrors (Abyss:1)
  5 starspawn tentacles
1832 creatures vanquished.

Vanquished Creatures (collateral kills)
  2 pandemonium lords
  2 ancient liches
  2 orbs of fire (Zot:5)
  Xtahua (Depths:4)
  Boris (Depths:1)
  A Killer Klown (Zot:5)
  The ghost of lmSkywalker the Warrior, an adept DrSh of Okawaru (Depths:2)
  3 caustic shrikes
  8 golden dragons
  3 bone dragons (Abyss:1)
  2 profane servitors
  A Tzitzimitl (Pan)
  3 tentacled monstrosities
  4 Hell Sentinels
  11 Orb Guardians
  3 liches
  A walking crystal tome (Depths:3)
  A walking frostbound tome (Depths:3)
  2 eldritch tentacles
  2 quicksilver dragons
  3 ancient champions
  2 sphinxes
  An Executioner (Abyss:1)
  4 death cobs
  2 storm dragons
  A tengu reaver (D:12)
  14 tentacled starspawn
  A shadow dragon (Hell)
  2 protean progenitors
  4 frost giants
  A demonspawn warmonger (Pan)
  An emperor scorpion (D:15)
  6 draconian knights
  2 quicksilver elementals (Dis:7)
  2 draconian scorchers
  A deep elf elementalist (Abyss:5)
  2 fire giants (Depths:3)
  5 iron dragons
  A ghost moth (Zot:5)
  A ghoul (D:8)
  4 draconian shifters
  An angel (Zot:2)
  7 balrugs
  5 cacodemons
  2 reapers (Pan)
  11 stone giants
  The ghost of Jiecrehi the Severer, a journeyman DDFi of Makhleb (D:15)
  15 very ugly things
  A vampire knight (Depths:3)
  5 green draconians
  6 war gargoyles
  6 red draconians
  5 purple draconians
  4 black draconians
  2 yellow draconians
  2 demonspawn black suns (Pan)
  5 spark wasps
  A white draconian (Zot:5)
  2 iron golems
  4 blizzard demons (Pan)
  An eidolon (Abyss:1)
  5 ettins
  3 fire dragons
  2 green deaths (Pan)
  8 ice dragons
  A spriggan zombie (Abyss:1)
  A jorogumo (Zot:2)
  A rakshasa (Depths:4)
  2 spriggan air magi
  A sphinx zombie (Depths:1)
  2 hell beasts
  A death knight (Abyss:1)
  A dancing weapon (Zig:15)
  2 satyrs (Zot:4)
  A vampire mage (Depths:2)
  7 hell hogs
  A demonic crawler (Hell)
  A deep troll earth mage (Depths:2)
  2 spriggan berserkers
  A tengu warrior (Depths:3)
  A naga warrior (Abyss:2)
  2 holy swine (Pan)
  2 spriggans (Depths:3)
  2 deep troll shamans
  9 thrashing horrors
  6 hell knights
  A wretched star (Abyss:1)
  9 soul eaters
  21 sun demons
  A crystal echidna (Dis:7)
  2 iron trolls
  A golden dragon zombie (Depths:2)
  13 sixfirhies
  4 skeletal warriors
  A sun moth (Pan)
  A sea snake (Zot:5)
  3 swamp dragons
  2 spriggan druids (Zig:15)
  4 glowing orange brains
  35 large abominations
  A spriggan simulacrum (Depths:4)
  6 deep trolls
  A mana viper (Zot:5)
  2 shadow demons
  A shadow dragon zombie (Depths:1)
  2 necromancers (Depths:1)
  A sphinx simulacrum (Depths:4)
  A shining eye (shapeshifter) (Abyss:1)
  12 ugly things
  A shadow dragon skeleton (Abyss:1)
  2 salamanders
  3 worldbinders (Abyss:1)
  A cyclops (D:14)
  A guardian serpent (Abyss:2)
  A naga zombie (Abyss:1)
  A stone giant skeleton (Abyss:1)
  15 smoke demons
  5 moths of wrath
  4 rust devils
  3 molten gargoyles (Hell)
  2 apocalypse crabs (Abyss:1)
  11 orange demons
  2 hellions
  2 efreet
  A sea snake zombie (Hell)
  An alligator snapping turtle skeleton (Abyss:2)
  2 freezing wraiths
  18 ancient zymes
  A tormentor (Dis:1)
  A troll (Zot:3)
  2 hydra zombies (Hell)
  An ice devil (Pan)
  A sea snake skeleton (Hell)
  A red devil (Hell)
  A glass eye (Depths:3)
  3 hornets (Depths:3)
  25 raiju
  A tengu simulacrum (Depths:4)
  10 hellwings
  7 blink frogs
  A tyrant leech (Zig:15)
  A wind drake (Zig:5)
  A glass eye (shapeshifter) (Zot:2)
  A slime creature (D:14)
  2 water elementals
  A wraith (Abyss:1)
  A spriggan (shapeshifter) (Abyss:1)
  A shadow (Abyss:1)
  13 ynoxinuls
  3 golden eyes (Abyss:1)
  A basilisk (D:14)
  11 neqoxecs
  A vampire mosquito (Zig:15)
  6 chaos spawn
  34 small abominations
  3 hell hounds
  An ice beast (Abyss:1)
  A swamp dragon zombie (Abyss:1)
  24 laughing skulls
  13 starcursed masses
  4 weeping skulls
  A kobold brigand (D:8)
  An earth elemental (Abyss:1)
  2 brain worms (Abyss:1)
  5 quasits
  4 iron imps (Abyss:1)
  A jelly (Abyss:1)
  2 white imps (Abyss:1)
  13 ufetubi
  2 kobolds
  4 aspiring fleshes
  2 ball lightnings (Pan)
  A boulder (D:8)
  A lurking horror (Abyss:2)
  10 starspawn tentacles
693 creatures vanquished.

Vanquished Creatures (others)
  A tentacled monstrosity (Zot:4)
  A lich (Pan)
  29 eldritch tentacles
  2 nagarajas (Pan)
  A draconian annihilator (Pan)
  A deep elf annihilator (Pan)
  A green death (Pan)
  A large abomination (Abyss:1)
  2 will-o-the-wisps (Zig:15)
  2 hellwings (Pan)
  A raiju (Abyss:1)
  2 ynoxinuls (Pan)
  A small abomination (Abyss:1)
  An ufetubus (Abyss:1)
  17 ball lightnings (Pan)
  2 boulders (D:8)
  2 foxfires (Zig:15)
  A lurking horror (Abyss:1)
  3 snaplasher vines
  40 starspawn tentacles
111 creatures vanquished.

Grand Total: 2636 creatures vanquished

Notes
Turn   | Place    | Note
-------+----------+-------------------------------------------
     0 | D:1      | iamserjio the Gargoyle Earth Elementalist began the quest
                  | for the Orb.
     0 | D:1      | Reached XP level 1. HP: 10/10 MP: 3/3
   179 | D:1      | Reached skill level 4 in Earth Magic
   179 | D:1      | Reached XP level 2. HP: 15/15 MP: 3/5
   340 | D:1      | Found a faded altar of an unknown god.
   933 | D:2      | Reached XP level 3. HP: 14/19 MP: 6/6
  1572 | D:2      | Reached XP level 4. HP: 22/24 MP: 7/7
  1611 | D:2      | Reached skill level 5 in Earth Magic
  1708 | D:3      | Found a broken altar of Ashenzari.
  2012 | D:2      | Reached XP level 5. HP: 24/28 MP: 3/9
  2356 | D:4      | Noticed an ogre
  2359 | D:4      | Killed an ogre
  2360 | D:4      | Reached skill level 6 in Earth Magic
  2360 | D:4      | Reached XP level 6. HP: 32/32 MP: 7/11
  2565 | D:4      | Noticed Grinder
  2676 | D:4      | Learned a level 4 spell: Brom's Barrelling Boulder
  2680 | D:4      | Learned a level 3 spell: Passwall
  2684 | D:4      | Learned a level 3 spell: Stone Arrow
  2787 | D:5      | Entered Level 5 of the Dungeon
  2807 | D:5      | Identified the +7 short sword "Gargoyle's Doom" {protect,
                  | rF+ rCorr Str-5 Int+2 Dex+6}
  2903 | D:5      | Noticed a water moccasin
  2906 | D:5      | Killed a water moccasin
  2912 | D:5      | Reached skill level 7 in Earth Magic
  2912 | D:5      | Reached XP level 7. HP: 36/36 MP: 7/12
  3314 | D:6      | Reached skill level 8 in Earth Magic
  3390 | D:6      | Found Riatasm's Book Boutique.
  3454 | D:6      | Found Riunt's Distillery.
  3475 | D:6      | Found Kufoluc's General Store.
  3515 | D:6      | Found a staircase to the Ecumenical Temple.
  3520 | Temple   | Entered the Ecumenical Temple
  3584 | D:6      | Reached XP level 8. HP: 39/41 MP: 14/14
  3620 | D:6      | Reached skill level 5 in Conjurations
  3855 | D:7      | Noticed Maurice
  3867 | D:7      | Found Jituifac's Fire Supplies.
  3978 | D:7      | Found a radiant altar of Vehumet.
  3991 | D:7      | Reached skill level 9 in Earth Magic
  4079 | D:8      | Reached skill level 5 in Spellcasting
  4364 | D:5      | Found a basalt altar of Yredelemnul.
  4654 | D:8      | Reached skill level 10 in Earth Magic
  4654 | D:8      | Reached XP level 9. HP: 39/45 MP: 5/17
  4743 | D:8      | Found a transporter.
  4768 | D:8      | Noticed a cyclops
  4969 | D:7      | Noticed a hornet
  4978 | D:7      | Killed a hornet
  5005 | D:7      | Became a worshipper of Vehumet
  5509 | D:4      | Killed Grinder
  5510 | D:4      | Reached skill level 11 in Earth Magic
  5970 | D:3      | Reached * piety under Vehumet
  5970 | D:3      | Offered knowledge of Sting by Vehumet.
  5988 | D:3      | Learned a level 7 spell: Spellforged Servitor
  6148 | D:6      | Bought a potion of heal wounds for 55 gold pieces
  6148 | D:6      | Bought a book of Minor Magic for 176 gold pieces
  6151 | D:6      | Learned a level 2 spell: Blink
  6168 | D:6      | Bought a potion of curing for 36 gold pieces
  6168 | D:6      | Bought 2 potions of curing for 72 gold pieces
  6168 | D:6      | Bought a potion of attraction for 36 gold pieces
  6285 | D:7      | Identified the +5 flail of the Last Continents {freeze,
                  | *Slow Will+ Dex+3}
  6287 | D:7      | Noticed Menkaure
  6294 | D:7      | Killed Menkaure
  6580 | D:7      | Found a runed translucent door.
  6581 | D:7      | Noticed Crazy Yiuf
  6591 | D:7      | Killed Crazy Yiuf
  6801 | D:8      | Found a one-way gate to the infinite horrors of the Abyss.
  6801 | D:8      | Noticed Skimidon's ghost (novice FeCA)
  6802 | D:8      | Found a transporter.
  6829 | D:8      | Reached XP level 10. HP: 58/58 MP: 14/19
  6883 | D:8      | Reached skill level 5 in Fighting
  7149 | D:8      | Killed a cyclops
  7517 | D:9      | Noticed a two-headed ogre
  7520 | D:9      | Killed a two-headed ogre
  7563 | D:9      | Reached ** piety under Vehumet
  7598 | D:9      | Offered knowledge of Searing Ray by Vehumet.
  7754 | D:8      | Reached skill level 1 in Summonings
  7754 | D:8      | Reached skill level 1 in Evocations
  8402 | D:10     | Entered Level 10 of the Dungeon
  8453 | D:10     | Noticed a two-headed ogre
  8459 | D:10     | Killed a two-headed ogre
  8460 | D:10     | Reached XP level 11. HP: 68/68 MP: 12/20
  8574 | D:10     | Noticed a two-headed ogre
  8577 | D:10     | Killed a two-headed ogre
  8578 | D:10     | Reached skill level 12 in Earth Magic
  8621 | D:10     | Noticed Gastronok
  8637 | D:10     | Found Gokeh's Armour Shoppe.
  8714 | D:10     | Offered knowledge of Mercury Vapours by Vehumet.
  8725 | D:10     | Found a shimmering blue altar of Sif Muna.
  8885 | D:10     | Noticed a boulder beetle
  8894 | D:10     | Killed a boulder beetle
  8894 | D:10     | Reached *** piety under Vehumet
  8895 | D:10     | Reached skill level 1 in Translocations
  8905 | D:10     | Killed Gastronok
  8906 | D:10     | Reached skill level 10 in Conjurations
  9310 | D:11     | Noticed an orc knight
  9362 | D:11     | Found a frozen archway.
  9377 | D:11     | Offered knowledge of Hailstorm by Vehumet.
  9378 | D:11     | Noticed a cyclops
  9548 | D:11     | Reached **** piety under Vehumet
  9553 | IceCv    | Entered an ice cave
  9776 | IceCv    | Offered knowledge of Yara's Violent Unravelling by Vehumet.
 10091 | IceCv    | Reached skill level 13 in Earth Magic
 10462 | IceCv    | Reached XP level 12. HP: 58/73 MP: 10/23
 11101 | D:11     | Reached ***** piety under Vehumet
 11102 | D:11     | Offered knowledge of Bombard by Vehumet.
 11196 | D:11     | Learned a level 6 spell: Bombard
 11230 | D:11     | Reached skill level 1 in Shields
 11870 | D:11     | Found a staircase to the Orcish Mines.
 12000 | D:11     | Found a staircase to the Lair.
 12506 | D:11     | Found a snail-covered altar of Cheibriados.
 13616 | D:12     | Noticed a centaur warrior
 13616 | D:12     | Noticed a tengu warrior
 13616 | D:12     | Noticed a war gargoyle
 13616 | D:12     | Noticed a tengu reaver
 14208 | D:13     | Noticed a tengu warrior
 14214 | D:13     | Killed a tengu warrior
 14215 | D:13     | Reached skill level 14 in Earth Magic
 14433 | D:13     | Reached XP level 13. HP: 78/78 MP: 24/26
 14775 | D:14     | Found a transporter.
 14778 | D:14     | Noticed a storm dragon
 14783 | D:14     | Noticed Xuepse's ghost (journeyman MiBe)
 14787 | D:14     | Noticed a tengu reaver
 14795 | D:14     | Noticed a vault guard
 14873 | D:14     | Noticed a vault guard
 15161 | D:7      | Found an opulent altar of Gozag.
 15200 | D:7      | Found a glowing silver altar of Zin.
 15380 | D:7      | Found a radiant altar of Vehumet.
 15412 | D:7      | Found Jituifac's Fire Supplies.
 15515 | D:7      | Killed Maurice
 15648 | D:7      | Found a glowing silver altar of Zin.
 15689 | D:7      | Found an opulent altar of Gozag.
 15941 | D:13     | Reached skill level 10 in Spellcasting
 15941 | D:13     | Reached skill level 5 in Summonings
 16261 | D:13     | Killed a vault guard
 16374 | D:14     | Noticed a vault guard
 16471 | D:13     | Killed a vault guard
 16997 | D:14     | Killed a vault guard
 17282 | D:14     | Found Puic's Antique Armour Shop.
 17291 | D:14     | Bought a pair of gloves for 148 gold pieces
 17312 | D:14     | Offered knowledge of Flame Wave by Vehumet.
 17348 | D:14     | Noticed a vault guard
 17354 | D:14     | Killed a vault guard
 17561 | D:14     | Found an ornate altar of the Wu Jian Council.
 18017 | D:14     | Found a gate to the Vaults.
 18080 | D:14     | Found a transporter.
 18220 | D:14     | Found a gate to the Vaults.
 18345 | D:14     | Found a transporter.
 18478 | D:14     | Found an ornate altar of the Wu Jian Council.
 18552 | D:14     | Found Puic's Antique Armour Shop.
 18675 | D:14     | Found a transporter.
 18802 | D:14     | Learned a level 8 spell: Lehudib's Crystal Spear
 18803 | D:15     | Entered Level 15 of the Dungeon
 18813 | D:15     | Gained mutation: Your large and strong wings let you fly.
                  | [Gargoyle growth]
 18813 | D:15     | Reached XP level 14. HP: 84/84 MP: 23/29
 18870 | D:15     | Found Oruhut's Demolitions Depot.
 19982 | D:15     | Noticed a dire elephant
 20352 | D:15     | Found a basalt altar of Yredelemnul.
 20512 | D:15     | Found a runed translucent door.
 20512 | D:15     | Found a shimmering altar of Xom.
 20512 | D:15     | Noticed Jiecrehi's ghost (journeyman DDFi)
 20617 | D:15     | Found a staircase to the Depths.
 20620 | D:15     | Noticed an emperor scorpion
 20648 | D:15     | Killed an emperor scorpion
 21142 | D:8      | Killed Skimidon's ghost
 21515 | D:12     | Killed a tengu reaver
 22051 | D:12     | Reached skill level 15 in Conjurations
 22144 | D:14     | Bought a glowing robe for 122 gold pieces
 22241 | Depths:1 | Entered Level 1 of the Depths
 22241 | Depths:1 | Noticed a lich
 22355 | Depths:1 | Noticed Boris
 22362 | Depths:1 | Noticed a stone giant
 22365 | Depths:1 | Killed Boris
 22368 | Depths:1 | Killed a stone giant
 22661 | Depths:1 | Offered knowledge of Fireball by Vehumet.
 22760 | Depths:1 | Killed a lich
 22943 | Depths:1 | Reached XP level 15. HP: 88/88 MP: 16/32
 23045 | Depths:1 | Reached skill level 5 in Dodging
 23110 | Depths:1 | Noticed a frost giant
 23188 | Depths:1 | Killed a frost giant
 24044 | Depths:1 | Found a glowing golden altar of the Shining One.
 24244 | Depths:1 | Found a one-way gate leading to the halls of Pandemonium.
 24712 | Depths:1 | Found a gateway to Hell.
 25463 | Depths:2 | Paralysed by a vampire knight for 4 turns
 25626 | Depths:2 | Reached skill level 15 in Earth Magic
 26037 | Depths:2 | Noticed a lich
 26113 | Depths:2 | Killed a lich
 26184 | Depths:2 | Noticed a frost giant
 26188 | Depths:2 | Killed a frost giant
 26189 | Depths:2 | Reached XP level 16. HP: 80/93 MP: 15/34
 26326 | Depths:2 | Offered knowledge of Ozocubu's Refrigeration by Vehumet.
 26330 | Depths:2 | Reached skill level 16 in Earth Magic
 26984 | Depths:1 | Reached skill level 15 in Spellcasting
 27145 | Depths:2 | Noticed a lich
 27145 | Depths:2 | Noticed a lich
 27151 | Depths:2 | Killed a lich
 27372 | Depths:2 | You are sucked into a shaft and drop 2 floors!
 27372 | Depths:4 | Entered Level 4 of the Depths
 27373 | Depths:4 | Identified the ring "Loufiw" {Ice +Blink MP-9 Str+3 Stlth+}
 27373 | Depths:4 | Noticed Josephina
 27374 | Depths:4 | Found a gate to the Realm of Zot.
 27374 | Depths:4 | Noticed a golden dragon
 27375 | Depths:4 | Noticed Xtahua
 27379 | Depths:4 | Noticed a golden dragon
 27379 | Depths:4 | Noticed a tentacled monstrosity
 28175 | Depths:2 | Noticed a sphinx
 28183 | Depths:2 | Reached skill level 17 in Earth Magic
 28195 | Depths:2 | Killed a sphinx
 28253 | Depths:3 | Identified the +2 short sword "Senodwy" {freeze, *Noise
                  | rElec Will+++ Str-4}
 28344 | Depths:3 | Found a one-way gateway to a ziggurat.
 28645 | Depths:3 | Noticed a tentacled starspawn
 28708 | Depths:3 | Noticed a sphinx
 28742 | Depths:3 | Killed a sphinx
 28794 | Depths:3 | Noticed a walking crystal tome
 28892 | Depths:3 | Killed a walking crystal tome
 28893 | Depths:3 | Reached skill level 18 in Earth Magic
 29045 | Depths:2 | Noticed a lich
 29046 | Depths:2 | Noticed a walking frostbound tome
 29051 | Depths:2 | Killed a lich
 29350 | Depths:3 | Killed a walking frostbound tome
 30209 | Depths:3 | Reached XP level 17. HP: 97/97 MP: 17/36
 30316 | Depths:3 | Offered knowledge of Plasma Beam by Vehumet.
 30505 | Depths:3 | Noticed a lich
 30536 | Depths:3 | Killed a lich
 30617 | Depths:3 | Noticed a tentacled monstrosity
 30623 | Depths:3 | Killed a tentacled monstrosity
 30624 | Depths:3 | Reached skill level 19 in Earth Magic
 30997 | Depths:3 | Noticed a tentacled monstrosity
 31022 | Depths:3 | Killed a tentacled monstrosity
 31404 | Depths:3 | Noticed a golden dragon
 31411 | Depths:3 | Killed a golden dragon
 32295 | Depths:3 | Reached skill level 20 in Earth Magic
 32623 | Depths:3 | Noticed a golden dragon
 32734 | Depths:3 | Noticed a golden dragon
 32970 | Depths:3 | Killed a golden dragon
 33210 | Depths:3 | Noticed an ancient lich
 33232 | Depths:3 | Killed a golden dragon
 33762 | Depths:2 | Killed a lich
 34520 | Depths:2 | Found a transporter.
 34549 | Depths:2 | Noticed a quicksilver dragon
 34549 | Depths:2 | Noticed a caustic shrike
 34563 | Depths:2 | Found a transporter.
 34566 | Depths:2 | Noticed lmSkywalker's ghost (adept DrSh)
 35102 | Depths:3 | Reached XP level 18. HP: 103/103 MP: 22/38
 35358 | Depths:3 | Noticed a lich
 35939 | Depths:3 | Killed a lich
 36464 | Depths:3 | Offered knowledge of Eringya's Noxious Bog by Vehumet.
 36465 | Depths:3 | Noticed a juggernaut
 36486 | Depths:3 | Killed a juggernaut
 36648 | Depths:3 | Reached skill level 21 in Earth Magic
 36649 | Depths:3 | Noticed a tentacled monstrosity
 36651 | Depths:3 | Killed a tentacled monstrosity
 36735 | Depths:3 | Identified the staff of Tunydat {rElec rF+ Fire}
 36968 | Depths:3 | Killed an ancient lich
 36971 | Depths:3 | Noticed a lich
 36973 | Depths:3 | Killed a lich
 37092 | Depths:3 | Noticed a tentacled monstrosity
 37096 | Depths:3 | Killed a tentacled monstrosity
 37695 | Depths:4 | Noticed a quicksilver dragon
 37700 | Depths:4 | Noticed a lich
 37700 | Depths:4 | Killed a quicksilver dragon
 37811 | Depths:4 | Killed Xtahua
 38015 | Depths:4 | Killed a tentacled monstrosity
 38750 | Depths:4 | Killed a lich
 40235 | Depths:4 | Killed a golden dragon
 40236 | Depths:4 | Reached skill level 10 in Fighting
 40333 | Depths:4 | Reached XP level 19. HP: 112/112 MP: 27/41
 40368 | Depths:4 | Killed Josephina
 40510 | Depths:4 | Killed a golden dragon
 41092 | Hell     | Entered the Vestibule of Hell
 41092 | Hell     | Noticed Geryon
 41097 | Hell     | Killed Geryon
 41105 | Hell     | Reached skill level 22 in Earth Magic
 41107 | Hell     | Noticed a tentacled monstrosity
 41257 | Hell     | Found a gateway to the freezing wastes of Cocytus.
 41542 | Hell     | Noticed a tentacled monstrosity
 41558 | Hell     | Killed a tentacled monstrosity
 41682 | Hell     | Gained mutation: You are vulnerable to cold. (rC-) [a
                  | cacodemon]
 42073 | Hell     | Killed a tentacled monstrosity
 42211 | Hell     | Offered knowledge of Ignition by Vehumet.
 42322 | Hell     | Learned a level 8 spell: Ignition
 42485 | Hell     | Found a gateway to the decaying netherworld of Tartarus.
 42558 | Hell     | Found a gateway to the Iron City of Dis.
 42607 | Hell     | Found a gateway to the ashen valley of Gehenna.
 43009 | Hell     | Lost mutation: You are vulnerable to cold. (rC-) [potion of
                  | mutation]
 43009 | Hell     | Gained mutation: You occasionally shout uncontrollably at
                  | your foes. [potion of mutation]
 43009 | Hell     | Gained mutation: You are strong-willed. (Will+) [potion of
                  | mutation]
 43114 | D:15     | Killed Jiecrehi's ghost
 43159 | D:15     | Reached skill level 5 in Evocations
 43159 | D:15     | Reached XP level 20. HP: 121/121 MP: 24/42
 43169 | D:15     | Bought a scroll of immolation for 72 gold pieces
 43169 | D:15     | Bought a manual of Conjurations for 1440 gold pieces
 44172 | Depths:1 | Learned a level 4 spell: Brom's Barrelling Boulder
 44180 | Depths:1 | Learned a level 7 spell: Orb of Destruction
 44351 | D:8      | Voluntarily entered the Abyss.
 44421 | Abyss:1  | Found a corrupted altar of Lugonu.
 44584 | Abyss:1  | Noticed a dread lich
 44590 | Abyss:1  | Killed a dread lich
 44981 | D:8      | Escaped the Abyss
 45021 | D:8      | Voluntarily entered the Abyss.
 45142 | Abyss:1  | Noticed an ancient lich
 45150 | Abyss:1  | Killed an ancient lich
 45245 | Abyss:1  | Noticed a bone dragon
 45248 | Abyss:1  | Killed a bone dragon
 45528 | Abyss:1  | Noticed a bone dragon
 45531 | Abyss:1  | Killed a bone dragon
 45533 | D:8      | Escaped the Abyss
 45592 | D:8      | Voluntarily entered the Abyss.
 45799 | Abyss:1  | Found a corrupted altar of Lugonu.
 45952 | Abyss:1  | Reached ****** piety under Vehumet
 46263 | D:8      | Escaped the Abyss
 46324 | D:8      | Voluntarily entered the Abyss.
 46353 | Abyss:1  | Found a corrupted altar of Lugonu.
 46369 | Abyss:1  | Found a corrupted altar of Lugonu.
 46369 | Abyss:1  | Found a corrupted altar of Lugonu.
 46469 | Abyss:1  | Offered knowledge of Shatter by Vehumet.
 46469 | Abyss:1  | Offered knowledge of Chain Lightning by Vehumet.
 46469 | Abyss:1  | Offered knowledge of Polar Vortex by Vehumet.
 46481 | Abyss:1  | Learned a level 9 spell: Shatter
 46598 | Abyss:1  | Gained mutation: You are weak. (Str -2) [a neqoxec]
 46603 | Abyss:1  | Gained mutation: Armour fits poorly on your strangely
                  | shaped body. [a neqoxec]
 46754 | Abyss:1  | Reached XP level 21. HP: 106/127 MP: 12/45
 46801 | Abyss:1  | Reached skill level 23 in Earth Magic
 46837 | D:8      | Escaped the Abyss
 46872 | D:8      | Voluntarily entered the Abyss.
 46904 | Abyss:1  | Found a corrupted altar of Lugonu.
 46984 | Abyss:1  | Found a corrupted altar of Lugonu.
 47057 | Abyss:1  | Found a corrupted altar of Lugonu.
 47154 | Abyss:1  | Found a corrupted altar of Lugonu.
 47290 | Abyss:1  | Found a corrupted altar of Lugonu.
 47339 | Abyss:1  | Found a corrupted altar of Lugonu.
 47712 | Abyss:1  | Noticed a bone dragon
 47722 | Abyss:1  | Killed a bone dragon
 47900 | D:8      | Escaped the Abyss
 47949 | D:8      | Voluntarily entered the Abyss.
 47949 | Abyss:1  | Found a corrupted altar of Lugonu.
 47967 | Abyss:1  | Found a corrupted altar of Lugonu.
 48190 | D:8      | Escaped the Abyss
 48253 | D:8      | Voluntarily entered the Abyss.
 49107 | D:8      | Escaped the Abyss
 49125 | D:8      | Voluntarily entered the Abyss.
 49155 | Abyss:1  | Reached skill level 1 in Fire Magic
 49167 | Abyss:1  | Found a corrupted altar of Lugonu.
 49269 | Abyss:1  | Found a corrupted altar of Lugonu.
 49378 | Abyss:1  | Reached skill level 1 in Armour
 49510 | Abyss:1  | Noticed an ancient lich
 49521 | Abyss:1  | Killed an ancient lich
 49537 | D:8      | Escaped the Abyss
 49877 | D:14     | Killed Xuepse's ghost
 50146 | Depths:2 | Reached XP level 22. HP: 115/132 MP: 24/47
 50208 | Depths:2 | Killed a caustic shrike
 50308 | Depths:2 | Reached skill level 24 in Earth Magic
 50320 | Depths:2 | Killed lmSkywalker's ghost
 50378 | Depths:2 | Got Vehumet's Writings on Force
 50386 | Depths:2 | Identified the +1 longbow "Atsohob" {heavy, rC+ Str+4}
 50391 | Depths:2 | Identified the ring of the Stained Coconut {rC- rN+ Will+
                  | SInv Stlth+}
 50633 | Zig:1    | Entered Level 1 of a ziggurat
 50678 | Zig:2    | Entered Level 2 of a ziggurat
 50694 | Zig:2    | Identified the +10 morningstar of the Gnat {pain, rElec rC+
                  | Int-3 Dex+3}
 50717 | Zig:3    | Entered Level 3 of a ziggurat
 50720 | Zig:3    | Noticed Irhah the pandemonium lord
 50727 | Zig:3    | Killed Irhah the pandemonium lord
 50799 | Zig:3    | Identified the +1 long sword of Kuomnirgh {venom, Str+3}
 50802 | Zig:4    | Entered Level 4 of a ziggurat
 50804 | Zig:4    | Noticed a royal mummy
 50804 | Zig:4    | Noticed a royal mummy
 50807 | Zig:4    | Killed a royal mummy
 50808 | Zig:4    | Killed a royal mummy
 50869 | Zig:5    | Entered Level 5 of a ziggurat
 50970 | Zig:6    | Entered Level 6 of a ziggurat
 50991 | Zig:6    | Identified the ring "Wammuig" {rN+ Will+ Str+3 Dex+3}
 51014 | Zig:7    | Entered Level 7 of a ziggurat
 51048 | Zig:7    | Identified the +4 kite shield of Leapfrog {rF+ rC++ Str-4}
 51083 | Zig:7    | Identified the +8 bardiche of Reigoudo {heavy, rElec Int+3}
 51127 | Zig:8    | Entered Level 8 of a ziggurat
 51137 | Zig:8    | Reached skill level 5 in Shields
 51206 | Zig:8    | Identified the +0 rapier "Helaap" {heavy, rPois Str-3 Int+8
                  | SInv}
 51210 | Zig:8    | Got Sif Muna's Guidebook on Alteration and Distance
 51214 | Zig:8    | Identified the ring of Bomuhoad {Wiz Fly rF+ Dex+3}
 51341 | Zig:9    | Entered Level 9 of a ziggurat
 51428 | Zig:9    | Identified the amulet of Sammatir {rC+ Regen+}
 51433 | Zig:9    | Got the Directory of the New World
 51444 | Zig:9    | Identified the ring "Esimaax" {Ice rCorr Str+6 Dex-4}
 51461 | Zig:10   | Entered Level 10 of a ziggurat
 51470 | Zig:10   | Noticed a shard shrike
 51471 | Zig:10   | Noticed a shard shrike
 51478 | Zig:10   | Killed a shard shrike
 51482 | Zig:10   | Killed a shard shrike
 51483 | Zig:10   | Paralysed by a wendigo for 1 turns
 51488 | Zig:10   | Paralysed by a wendigo for 1 turns
 51544 | Zig:10   | Got the Parchment of Calorific Anemomancy
 51558 | Zig:10   | Identified the amulet of Dishonour {Reflect rC++ SH+5}
 51579 | Zig:10   | Learned a level 5 spell: Summon Forest
 51582 | Zig:11   | Entered Level 11 of a ziggurat
 51590 | Zig:11   | Noticed an ancient lich
 51591 | Zig:11   | Noticed an ancient lich
 51592 | Zig:11   | Killed an ancient lich
 51592 | Zig:11   | Noticed an ancient lich
 51592 | Zig:11   | Noticed an ancient lich
 51593 | Zig:11   | Killed an ancient lich
 51594 | Zig:11   | Killed an ancient lich
 51595 | Zig:11   | Killed an ancient lich
 51609 | Zig:11   | Got the Secrets of Metal and Nonlocality
 51623 | Zig:11   | Identified the ring of the Rose {rF+ rC+}
 51640 | Zig:12   | Entered Level 12 of a ziggurat
 51652 | Zig:12   | Reached skill level 10 in Shields
 51652 | Zig:12   | Reached skill level 5 in Translocations
 51652 | Zig:12   | Reached XP level 23. HP: 92/139 MP: 49/49
 51696 | Zig:12   | Identified the +0 robe "Kiygor" {rCorr}
 51724 | Zig:13   | Entered Level 13 of a ziggurat
 51739 | Zig:13   | Gained mutation: You are very weak. (Str -4) [a neqoxec]
 51740 | Zig:13   | Gained mutation: Your body sometimes deteriorates upon
                  | taking damage. [a neqoxec]
 51742 | Zig:13   | Noticed Ynwoum the pandemonium lord
 51753 | Zig:13   | Killed Ynwoum the pandemonium lord
 51852 | Zig:13   | Identified the +0 scale mail of Dis Budu {rF+++ Str+2 Int-4
                  | Dex+2}
 51860 | Zig:13   | Identified the +1 pair of gloves of Insurance {rElec rF+
                  | Str-2}
 51871 | Zig:13   | Reached XP level 24. HP: 147/147 MP: 49/49
 51873 | Zig:14   | Entered Level 14 of a ziggurat
 51897 | Zig:14   | Noticed Japaella the pandemonium lord
 51902 | Zig:14   | Killed Japaella the pandemonium lord
 51960 | Zig:14   | Found the +9 staff of Olgreb {rPois∞}
 51966 | Zig:14   | Got the Tome of Bewitchment and Concoctions
 51976 | Zig:14   | Identified the +9 glaive "Pukekh" {protect, rC++}
 51978 | Zig:14   | Reached skill level 15 in Fighting
 51978 | Zig:14   | Reached XP level 25. HP: 155/155 MP: 49/49
 51986 | Zig:14   | Identified the ring "Tatias" {rC++ rN+ Str-5 Dex+4}
 51989 | Zig:14   | Got the Lessons on Convocation
 51995 | Zig:15   | Entered Level 15 of a ziggurat
 52135 | Zig:15   | Identified the +5 morningstar of Bodily Humours {venom,
                  | rElec rC+ Stlth+}
 52140 | Zig:15   | Identified the ring of Joy {rCorr Str+3 Int+3 Slay-5
                  | Stlth-}
 52158 | Zig:16   | Entered Level 16 of a ziggurat
 52257 | Zig:16   | Found the +5 scythe "Finisher" {speed, execute}
 52267 | Zig:16   | Identified the ring of Divine Intervention {rCorr Slay+4}
 52271 | Zig:16   | Identified the ring "Dianto Xout" {rPois rN+ Will- SInv}
 52274 | Zig:16   | Identified the +6 eveningstar "Ihuewis" {chaos, rPois rC-
                  | rN+ rCorr}
 52278 | Zig:16   | Identified the +0 ring mail of Qiah {Rampage +Inv rElec
                  | Stlth+}
 52280 | Zig:16   | Identified the +0 chain mail of Autotheism {Will- Str+2
                  | Dex+2}
 52285 | Zig:16   | Identified the +5 troll leather armour of Kirug {Will+
                  | Regen+ Int+2}
 52389 | Hell     | Learned a level 4 spell: Passage of Golubria
 52526 | D:15     | Bought a wand of light (6) for 453 gold pieces
 52526 | D:15     | Bought a wand of mindburst (6) for 151 gold pieces
 52626 | Hell     | Learned a level 4 spell: Petrify
 52629 | Dis:1    | Entered Level 1 of the Iron City of Dis
 52721 | Hell     | Reached skill level 1 in Alchemy
 52998 | Dis:1    | Reached XP level 26. HP: 150/151 MP: 35/49
 52998 | Dis:1    | Noticed a dread lich
 53000 | Dis:1    | Killed a dread lich
 53430 | Dis:2    | Reached skill level 10 in Evocations
 53950 | Hell     | Reached skill level 5 in Stealth
 54283 | Dis:4    | Lost strength.
 54351 | Dis:4    | Lost mutation: Your body sometimes deteriorates upon taking
                  | damage. [potion of mutation]
 54351 | Dis:4    | Lost mutation: You are very weak. (Str -4) [potion of
                  | mutation]
 54351 | Dis:4    | Gained mutation: You are agile. (Dex +4, Str/Int -1)
                  | [potion of mutation]
 54351 | Dis:4    | Gained mutation: You have sharp fingernails. [potion of
                  | mutation]
 54351 | Dis:4    | Lost mutation: You are strong-willed. (Will+) [potion of
                  | mutation]
 54563 | Depths:3 | Voluntarily entered the Abyss.
 54563 | Abyss:1  | Noticed an ancient lich
 54567 | Abyss:1  | Killed an ancient lich
 54813 | Abyss:1  | Found a corrupted altar of Lugonu.
 55217 | Abyss:1  | Reached skill level 1 in Maces & Flails
 55341 | Depths:3 | Escaped the Abyss
 55343 | Depths:3 | Voluntarily entered the Abyss.
 55343 | Abyss:1  | Found a corrupted altar of Lugonu.
 55647 | Depths:3 | Escaped the Abyss
 56203 | Dis:5    | Reached skill level 5 in Maces & Flails
 56203 | Dis:5    | Reached XP level 27. HP: 142/153 MP: 28/49
 56707 | Dis:5    | Lost mutation: You have sharp fingernails. [potion of
                  | mutation]
 56707 | Dis:5    | Lost mutation: You are weak. (Str -2) [potion of mutation]
 56707 | Dis:5    | Gained mutation: You have hidden genetic defects. [potion
                  | of mutation]
 56708 | Dis:5    | Lost mutation: You have hidden genetic defects. [potion of
                  | mutation]
 56708 | Dis:5    | Lost mutation: Armour fits poorly on your strangely shaped
                  | body. [potion of mutation]
 56708 | Dis:5    | Gained mutation: You have a pair of small horns on your
                  | head. [potion of mutation]
 56782 | Depths:3 | Voluntarily entered the Abyss.
 56782 | Abyss:1  | Found a corrupted altar of Lugonu.
 56788 | Abyss:1  | Found a hazy altar of Hepliaklqana.
 57026 | Abyss:1  | Got the Essays on the Coals
 57337 | Abyss:2  | Found a corrupted altar of Lugonu.
 57510 | Abyss:2  | Reached skill level 10 in Summonings
 57714 | Depths:3 | Escaped the Abyss
 57726 | Depths:3 | Voluntarily entered the Abyss.
 57726 | Abyss:2  | Found a corrupted altar of Lugonu.
 57732 | Abyss:2  | Found a corrupted altar of Lugonu.
 57785 | Depths:3 | Escaped the Abyss
 57918 | Abyss:5  | Cast into level 5 of the Abyss (unwielding a weapon of
                  | distortion)
 58223 | Abyss:5  | Noticed a dread lich
 58231 | Abyss:5  | Killed a dread lich
 58262 | Abyss:5  | Paralysed by accursed screaming for 1 turns
 58266 | Dis:5    | Escaped the Abyss
 58326 | Dis:5    | You are sucked into a shaft and drop 1 floor!
 58616 | Dis:6    | Reached skill level 10 in Maces & Flails
 59004 | Dis:6    | Learned a level 3 spell: Ozocubu's Armour
 59005 | Dis:7    | Entered Level 7 of the Iron City of Dis
 59062 | Dis:7    | Reached skill level 1 in Ice Magic
 59485 | Dis:7    | Reached skill level 5 in Ice Magic
 59690 | Dis:7    | Reached skill level 1 in Staves
 60077 | Dis:7    | Noticed a juggernaut
 60082 | Dis:7    | Killed a juggernaut
 60085 | Dis:7    | Reached skill level 5 in Staves
 60450 | Dis:7    | Found the +15 Maxwell's patent armour {-Cast -Tele rElec
                  | Will+ rCorr}
 60454 | Dis:7    | Got the Meditations on Dislocated Exhumation
 60786 | Dis:7    | Noticed a juggernaut
 60790 | Dis:7    | Killed a juggernaut
 61327 | Dis:7    | Noticed a juggernaut
 61333 | Dis:7    | Killed a juggernaut
 61449 | Dis:7    | Noticed Dispater
 61484 | Dis:7    | Noticed the Serpent of Hell
 61951 | Dis:7    | Got an iron rune of Zot
 62031 | Hell     | Learned a level 8 spell: Summon Horrible Things
 62107 | Pan      | Entered Pandemonium
 62318 | Pan      | Noticed Edumote the pandemonium lord
 62320 | Pan      | Gained mutation: Your body sometimes deteriorates upon
                  | taking damage. [a cacodemon]
 62355 | Pan      | Entered the realm of Lom Lobon.
 62355 | Pan      | Noticed Lom Lobon
 63143 | Pan      | Killed Lom Lobon
 63253 | Pan      | Got a magical rune of Zot
 63558 | Pan      | Found an exit through the horrors of the Abyss.
 63785 | Pan      | Noticed Lonnih the pandemonium lord
 63823 | Pan      | Killed Lonnih the pandemonium lord
 63905 | Pan      | Entered the realm of Mnoleg.
 63913 | Pan      | Noticed Lar Otunuo the pandemonium lord
 63932 | Pan      | Killed Lar Otunuo the pandemonium lord
 64106 | Pan      | Reached skill level 15 in Summonings
 64135 | Pan      | Learned a level 7 spell: Malign Gateway
 64138 | Pan      | Identified the +1 great sword "Seiw" {antimagic, Fly Dex+6}
 64701 | Pan      | Identified the +8 battleaxe "Trog's Hatred" {venom, rF++
                  | rCorr SInv Stlth+}
 64755 | Pan      | Learned a level 6 spell: Bombard
 64884 | Pan      | Noticed Dallo the pandemonium lord
 64898 | Pan      | Killed Dallo the pandemonium lord
 65037 | Pan      | Identified the +0 dagger of Fate {drain, Will+}
 65479 | Pan      | Gained mutation: You occasionally lose the ability to drink
                  | potions when taking damage. [a neqoxec]
 65482 | Pan      | Noticed Ashricekhu the pandemonium lord
 65712 | Pan      | Entered the realm of Cerebov.
 66107 | Pan      | Identified the ring "Ziygypar" {rPois rF+ rCorr Stlth+}
 66859 | Pan      | Identified the +1 cloak "Xucuefaru" {rF+}
 67204 | Pan      | Identified the +1 rapier of the Holding Gods {venom, rF+
                  | Str+3 Int+4}
 67205 | Pan      | Identified the +3 flail "Yreenoum" {holy, *Noise rElec
                  | Dex+3}
 67342 | Pan      | Found the +6 sword of Cerebov {flame}
 67342 | Pan      | Noticed Cerebov
 67672 | Pan      | Got a fiery rune of Zot
 67673 | Pan      | Identified the staff "Daji" {rPois Stlth+ Fire Earth}
 67698 | Pan      | Identified the ring "Diujufau" {rF- Str+3 Int+6 Dex+6}
 67701 | Pan      | Identified the ring "Fec Jozo" {rF+ Int+2 SInv}
 67703 | Pan      | Identified the ring of the Caustic God {^Drain rN+ Will+++
                  | Int-5 SInv}
 67778 | Pan      | Entered the realm of Gloorx Vloq.
 67804 | Pan      | Found the +6 sword of Cerebov {flame}
 67804 | Pan      | Noticed Cerebov
 67999 | Pan      | Noticed Wame the pandemonium lord
 68010 | Depths:2 | Escaped Pandemonium
 68022 | Depths:2 | Killed Wame the pandemonium lord
 68113 | D:15     | Bought a lightning rod (4/4) for 720 gold pieces
 68234 | Zot:1    | Entered Level 1 of the Realm of Zot
 68576 | Zot:1    | Noticed an orb of fire
 68587 | Zot:1    | Found the +4 dragonskin cloak
 68587 | Zot:1    | Noticed Tiamat
 68620 | Zot:1    | Killed Tiamat
 69453 | Zot:2    | Found a shimmering altar of Xom.
 69453 | Zot:2    | Found a shimmering altar of Xom.
 69453 | Zot:2    | Found a shimmering altar of Xom.
 69453 | Zot:2    | Found a glowing silver altar of Zin.
 69494 | Zot:2    | Identified the +3 spear of the Spider {freeze, *Slow rElec
                  | Stlth+}
 69581 | Zot:2    | Noticed an orb of fire
 69610 | Zot:1    | Killed an orb of fire
 69863 | Zot:2    | Noticed an orb of fire
 71570 | Zot:4    | Identified the +8 chain mail of Ignis's Approval {rElec
                  | Int+4 Dex+2}
 72589 | Zot:5    | Entered Level 5 of the Realm of Zot
 72911 | Zot:5    | Reached skill level 15 in Evocations
 74113 | Zot:5    | Noticed an orb of fire
 74122 | Zot:5    | Killed an orb of fire
 74145 | Zot:5    | Lost mutation: You occasionally lose the ability to drink
                  | potions when taking damage. [potion of mutation]
 74145 | Zot:5    | Lost mutation: You occasionally shout uncontrollably at
                  | your foes. [potion of mutation]
 74145 | Zot:5    | Gained mutation: You are very agile. (Dex +8, Str/Int -2)
                  | [potion of mutation]
 74145 | Zot:5    | Gained mutation: You have sharp toenails. [potion of
                  | mutation]
 74353 | Zot:5    | Noticed an orb of fire
 74355 | Zot:5    | Gained mutation: You occasionally shout uncontrollably at
                  | your foes. [an orb of fire]
 74362 | Zot:5    | Killed an orb of fire
 74451 | Zot:5    | Noticed a dread lich
 74453 | Zot:5    | Noticed an orb of fire
 74460 | Zot:5    | Killed a dread lich
 74479 | Zot:5    | Killed an orb of fire
 74566 | Zot:5    | Noticed an ancient lich
 74569 | Zot:5    | Noticed a dread lich
 74576 | Zot:5    | Killed an ancient lich
 74577 | Zot:5    | Killed a dread lich
 74767 | Zot:5    | Noticed an ancient lich
 74769 | Zot:5    | Noticed a dread lich
 74771 | Zot:5    | Killed a dread lich
 74773 | Zot:5    | Killed an ancient lich
 74778 | Zot:5    | Noticed an orb of fire
 74779 | Zot:5    | Gained mutation: Your body often deteriorates upon taking
                  | damage. [an orb of fire]
 74822 | Zot:5    | Lost mutation: You have sharp toenails. [potion of
                  | mutation]
 74822 | Zot:5    | Lost mutation: Your body often deteriorates upon taking
                  | damage. [potion of mutation]
 74822 | Zot:5    | Lost mutation: You are very agile. (Dex +8, Str/Int -2)
                  | [potion of mutation]
 74822 | Zot:5    | Gained mutation: You possess an exceptional clarity of
                  | mind. [potion of mutation]
 74822 | Zot:5    | Lost mutation: You are agile. (Dex +4, Str/Int -1) [potion
                  | of mutation]
 75324 | Zot:5    | Gained mutation: You occasionally lose the ability to drink
                  | potions when taking damage. [an orb of fire]
 75331 | Zot:5    | Lost mutation: You occasionally shout uncontrollably at
                  | your foes. [potion of mutation]
 75331 | Zot:5    | Lost mutation: You have a pair of small horns on your head.
                  | [potion of mutation]
 75331 | Zot:5    | Gained mutation: You have a somewhat thin skeletal
                  | structure. (Dex +2, Stealth+) [potion of mutation]
 75332 | Zot:5    | Lost mutation: You possess an exceptional clarity of mind.
                  | [potion of mutation]
 75332 | Zot:5    | Lost mutation: You occasionally lose the ability to drink
                  | potions when taking damage. [potion of mutation]
 75332 | Zot:5    | Lost mutation: Your body sometimes deteriorates upon taking
                  | damage. [potion of mutation]
 75332 | Zot:5    | Gained mutation: You are somewhat resistant to further
                  | mutation. [potion of mutation]
 75332 | Zot:5    | Killed an orb of fire
 75846 | Zot:5    | Got the Orb of Zot
 76249 | D:$      | Escaped with the Orb!

Illustrated notes

Levels and vault maps discovered:
D:1:      eino_arrival_water_cross, layout_rooms,
          nicolae_ecumenical_snake_handling, serial_corexii_hall,
          corexii_hall_statues_u, corexii_hall_statues_t,
          chequers_hall_statues_y, chequers_hall_statues_y,
          minmay_misc_feat_more_columns, chequers_serial_rivers_room_a, hex_tiny
D:2:      layout_basic
D:3:      layout_rooms, ashenzari_altar_1
D:4:      layout_cave_pools, uniq_grinder
D:5:      layout_loops_cross, lemuel_tele_altar
D:6:      layout_rooms, temple_doors_cd, serial_shops, shop,
          nicolae_shop_rolling_square, nicolae_book_shop_shelving
D:7:      layout_basic, pdpol_temple_overflow_zin_treasury_gozag_greed,
          mainiacjoe_overflow_chevrons, serial_glass, glass_columns_c,
          glass_columns_a, glass_columns_c, glass_columns_a, glass_columns_a,
          glass_columns_a, glass_columns_a, glass_columns_b, item_on_display_a,
          item_on_display_a, due_unseen_surprise, item_on_display_a,
          nicolae_shop_fire_sale [nicolae_sub_dead_trees],
          uniq_crazy_yiuf_cottage, uniq_menkaure, uniq_maurice
D:8:      layout_gridville, gammafunk_ghost_abyssal_escape,
          serial_bayou_lagoon_a
D:9:      layout_loops_cross, amcnicky_mini_pool_small
D:10:     layout_rooms, old_standard_altar, serial_shops, shop, uniq_gastronok
D:11:     layout_grid_maze, erik_lair_orcish_takeover, david_orc_5,
          portal_ice_cave_entry_imps, kennysheep_slug_shrine
D:12:     layout_roguey, chequers_serial_rivers_room_b, wad_scary_box
D:13:     layout_roguey
D:14:     layout_cave_pools, lightli_vaults_fourway_checkpoint,
          gammafunk_ghost_arena, nicolae_wu_jian_immortal_techniques,
          serial_shops, nicolae_shop_overgrown_old_shop, st_stairs_6,
          minmay_liquid_box
D:15:     hangedman_depths_entry_try_elsewhere_first, layout_basic,
          dreamdust_mushroom_princess, ebering_ghost_xom, nicolae_blasting_shop,
          yredelemnul_altar_generic
Temple:   eino_temple_rhombus
Depths:1: layout_forbidden_donut, nicolae_tso_carved_into_rock, hellmouth_3,
          rand_demon_pan_entry_8, kennysheep_generic_room_4, uniq_boris
Depths:2: minmay_isolated_rectangles_in_corner, layout_cave_pools,
          serial_column_ruins, column_ruins_open_tiny, column_ruins_grid_1,
          column_ruins_grid_1, column_ruins_columns_straight,
          column_ruins_columns_straight, column_ruins_columns_straight,
          column_ruins_grid_4, hell_entry, gammafunk_ghost_berserking_beasts,
          rand_demon_pan_entry_7, infiniplex_staircase_zigzag_3
Depths:3: kennysheep_large_vault, layout_long_grid, enter_ziggurat_b,
          hangedman_geh_valley, serial_glass, glass_columns_b, glass_columns_b,
          abyss_entry_glasseish, minmay_staircase_windowed_small
Depths:4: grunt_zot_entry_bicorn, layout_cave_shapes, hell_entry,
          serial_bayou_shore_b, serial_bayou_shore_b, uniq_josephina,
          uniq_xtahua
Hell
Dis:1:    layout_gridville
Dis:2:    layout_gridville
Dis:3:    layout_overlapping_boxes, nicolae_dis_fourth_circle
Dis:4:    layout_jigsaw, nicolae_dis_bowling_alley
Dis:5:    layout_gridville, nicolae_hells_seeping_fissure
Dis:6:    layout_subdivisions, nicolae_dis_metal_dragon_surprise
Dis:7:    dis_grunt_layers
Zot:1:    layout_basic, regret_index_zotdec_wing_it, st_single_dragon_hoard_1,
          uniq_tiamat
Zot:2:    dreamdust_zin_vs_xom, layout_twisted_circle
Zot:3:    lemuel_halls_of_wrath, layout_basic
Zot:4:    layout_onion, regret_index_zotdec_silver_v_v_orig_slice, st_stairs_3,
          grunt_megastairs_1
Zot:5:    layout_cathedral_of_symmetry

Skill      XL: |  1  2  3  4  5  6  7  8  9 10 11 12 13 14 15 16 17 18 19 20 21 22 23 24 25 26 27 |
---------------+----------------------------------------------------------------------------------+-----
Earth Magic    | 4 5 6 7 8 10 11 13 14 15 18 20 21 22 23 24 | 24.0
Conjurations   | 2 3 4 6 8 9 10 11 14 15 16 17 19 20 | 20.8
Spellcasting   | 3 4 5 6 7 9 11 13 14 15 16 18 20 21 22 | 22.0
Fighting       | 4 8 10 11 12 13 15 16 17 21 | 21.0
Summonings     | 2 3 4 6 7 8 19 | 19.0
Evocations     | 1 2 5 7 8 12 19 | 19.4
Translocations | 2 4 5 6 7 9 |  9.0
Shields        | 4 10 11 | 11.0
Dodging        | 4 5 6 7 8 9 |  9.0
Fire Magic     | 2 3 |  3.2
Armour         | 2 4 |  4.0
Alchemy        | 2 |  2.0
Stealth        | 6 9 |  9.8
Maces & Flails | 5 12 | 12.5
Ice Magic      | 6 |  6.0
Staves         | 9 |  9.4

Action                     |  1- 3 |  4- 6 |  7- 9 | 10-12 | 13-15 | 16-18 | 19-21 | 22-24 | 25-27 || total
---------------------------+-------+-------+-------+-------+-------+-------+-------+-------+-------++-------
  Melee: Unarmed           |     3 |       |       |       |       |       |       |       |       ||     3
         Short sword       |    60 |     9 |    70 |   105 |    63 |    18 |   236 |    15 |       ||   576
         Spear             |    11 |    26 |       |       |       |       |       |       |       ||    37
         Punch             |     1 |       |     2 |     1 |       |       |       |       |       ||     4
         Scimitar          |       |       |       |       |       |       |       |       |    26 ||    26
         Staff             |       |       |       |       |       |       |       |       |   193 ||   193
         Headbutt          |       |       |       |       |       |       |       |       |    83 ||    83
         Eveningstar       |       |       |       |       |       |       |       |       |    59 ||    59
  Throw: Dart              |       |       |       |     7 |       |     7 |       |       |     4 ||    18
         Throwing net      |       |       |       |       |       |     4 |       |       |       ||     4
   Cast: Sandblast         |    30 |    61 |   172 |   184 |    97 |    12 |       |       |       ||   556
         Stone Arrow       |       |       |     2 |   134 |    72 |    14 |       |       |       ||   222
         Passwall          |       |       |     5 |     3 |       |       |     3 |       |    31 ||    42
         Brom's Barrelling |       |       |     1 |     3 |     1 |       |       |       |     1 ||     6
         Bombard           |       |       |       |    45 |   155 |   148 |   296 |    38 |   197 ||   879
         Spellforged Servi |       |       |       |       |    35 |   104 |   141 |     8 |   287 ||   575
         Blink             |       |       |       |       |     4 |     3 |     1 |       |     8 ||    16
         Lehudib's Crystal |       |       |       |       |       |    97 |   175 |    22 |   799 ||  1093
         Shatter           |       |       |       |       |       |       |     7 |    66 |    89 ||   162
         Summon Forest     |       |       |       |       |       |       |       |       |    18 ||    18
         Malign Gateway    |       |       |       |       |       |       |       |       |    31 ||    31
         Passage of Golubr |       |       |       |       |       |       |       |       |    16 ||    16
         Summon Horrible T |       |       |       |       |       |       |       |       |     7 ||     7
         Ozocubu's Armour  |       |       |       |       |       |       |       |       |     1 ||     1
  Evoke: Wand              |       |       |       |     5 |    16 |    24 |     7 |     6 |    36 ||    94
         Horn of Geryon    |       |       |       |       |       |       |       |     1 |     5 ||     6
    Use: Scroll            |       |       |     4 |    10 |     9 |    16 |     4 |    13 |    35 ||    91
         Potion            |       |       |     5 |     1 |     1 |    12 |     5 |    11 |    20 ||    55
   Stab: Sleeping          |       |     1 |     4 |     1 |     1 |       |       |       |       ||     7
         Paralysed         |       |       |       |       |       |     5 |       |       |       ||     5
         Distracted        |       |       |       |       |       |       |     6 |       |     9 ||    15
 Armour: Robe              |    45 |    41 |   114 |     3 |    22 |    76 |       |       |       ||   301
         Skin              |       |       |    19 |     1 |       |       |       |    10 |       ||    30
         Acid dragon scale |       |       |       |   259 |       |       |       |       |       ||   259
         Troll leather arm |       |       |       |    59 |   200 |    63 |   409 |    66 |   595 ||  1392
         Leather armour    |       |       |       |       |     6 |    62 |    38 |     5 |       ||   111
  Dodge: Dodged            |    53 |    38 |   106 |   189 |    96 |    58 |   281 |    25 |   317 ||  1163
  Block: Buckler           |       |       |       |    33 |    48 |    26 |   131 |    13 |    20 ||   271
         Kite shield       |       |       |       |       |       |       |       |    10 |   441 ||   451
